 Dungeon Crawl Stone Soup version 0.29-a0-22-gbf593b16ee (webtiles) character file.

Game seed: 5904612127510536865

196 HallandMoats the Skirmisher (level 5, -4/42 HPs)
             Began as a Demonspawn Fighter on Jan 29, 2022.
             Slain by Menkaure (9 damage)
             ... on level 4 of the Dungeon.
             The game lasted 00:06:02 (3275 turns).

HallandMoats the Skirmisher (Demonspawn Fighter)    Turns: 3275, Time: 00:06:04

Health: -4/42      AC:  7    Str: 19    XL:     5   Next: 45%
Magic:  16/16      EV: 10    Int:  9    God:
Gold:   142        SH:  4    Dex: 12    Spells: 4/4 levels left

rFire   . . .      SeeInvis .   a - +0 war axe
rCold   . . .      Faith    .   c - +0 buckler
rNeg    . . .      Spirit   .   b - +0 scale mail
rPois   +          Reflect  .   (no helmet)
rElec   .          Harm     .   (no cloak)
rCorr   .          Rampage  .   (no gloves)
Will    .....                   n - +0 pair of boots
Stlth   ..........              (no amulet)
HPRegen 0.14/turn               k - ring of magical power
MPRegen 0.15/turn               m - ring of poison resistance

@: no status effects
A: powered by death 1, sturdy frame 1
a: no special abilities


You were on level 4 of the Dungeon.
You visited 1 branch of the dungeon, and saw 4 of its levels.

You collected 142 gold pieces.

Inventory:

Hand Weapons
 a - a +0 war axe (weapon)
Armour
 b - a +0 scale mail (worn)
 c - a +0 buckler (worn)
 n - a +0 pair of boots (worn)
Jewellery
 k - a ring of magical power (left hand)
 m - a ring of poison resistance (right hand)
Scrolls
 f - a scroll of enchant armour {unknown}
 h - 4 scrolls of teleportation
 i - 2 scrolls of immolation {unknown}
 j - a scroll of magic mapping
 o - a scroll of brand weapon
Potions
 e - a potion of attraction {unknown}
 l - a potion of cancellation {unknown}


   Skills:
 * Level 4.0 Fighting
 * Level 2.8 Axes
 + Level 3.1 Armour
 + Level 1.2 Dodging
 + Level 3.1 Shields
 * Level 2.9 Invocations


You had 4 spell levels left.
You didn't know any spells.
Your spell library was empty.

Dungeon Overview and Level Annotations

Branches:
Dungeon (4/15)
 Temple: D:4-7

Altars:
Elyvilon
Fedhas
Hepliaklqana
Makhleb
Xom

Annotations:
D:4 Menkaure


Innate Abilities, Weirdness & Mutations

You regenerate a little health from kills.
Your movements are slightly less encumbered by armour. (ER -2)


Message History

You start resting.
HP restored.
Okay, then.
As you read the scroll labelled MUSO PERGHOSOGH, it crumbles to dust.
You feel strangely unstable.
It was a scroll of teleportation.
As you read the scroll labelled JEYPHIFUPN, it crumbles to dust.
It is a scroll of identify.
j - a scroll of magic mapping
As you read the scroll of identify, it crumbles to dust.
o - a scroll of brand weapon Your surroundings suddenly seem different.
Search for what [Enter for "armor", or ? for help]? weapon You can't go down here!
There is a stone staircase leading down here.
You climb downwards.
Level annotation: Menkaure Menkaure gestures wildly while chanting.
Menkaure seems to speed up.
There is a stone staircase leading up here.
You climb upwards.
There is a stone staircase leading down here.
You start waiting.
Done waiting.
You climb downwards.
Level annotation: Menkaure
There is a stone staircase leading up here.
You hit Menkaure.
Menkaure is lightly damaged.
Menkaure hits you!
You barely miss Menkaure.
Menkaure is lightly damaged.
Menkaure hits you!
You completely miss Menkaure.
Menkaure is lightly damaged.
Menkaure hits you!
* * * LOW HITPOINT WARNING * * *
You slash Menkaure!
Menkaure is heavily damaged.
Menkaure hits you!
You die...

..... #..#$ #..#.
#..#.#+# #..#...#
.#########[.##..######
.........รท........$.>#
..######....###.####.#
#..<.@M...#
#.###..##..#
#............
##########..# ... #M##


You could see Menkaure.

Vanquished Creatures
  Blork the orc (D:4)
  An orc wizard (D:3)
  3 adders
  3 worms
  4 orcs (D:3)
  4 ball pythons
  4 endoplasms
  A giant cockroach (D:3)
  7 goblins
  6 hobgoblins
  3 kobolds
  2 quokkas
  3 bats
  14 frilled lizards
  10 rats
66 creatures vanquished.

Vanquished Creatures (others)
  4 plants (D:1)
4 creatures vanquished.

Grand Total: 70 creatures vanquished

Notes
Turn   | Place    | Note
-------+----------+-------------------------------------------
     0 | D:1      | HallandMoats the Demonspawn Fighter began the quest for the
                  | Orb.
     0 | D:1      | Reached XP level 1. HP: 18/18 MP: 1/1
   241 | D:1      | Reached skill level 1 in Invocations
   241 | D:1      | Gained mutation: You regenerate a little health from kills.
                  | [demonic ancestry]
   241 | D:1      | Reached XP level 2. HP: 23/24 MP: 2/2
   986 | D:2      | Gained mutation: Your movements are slightly less
                  | encumbered by armour. (ER -2) [demonic ancestry]
   986 | D:2      | Reached XP level 3. HP: 23/29 MP: 4/4
  1429 | D:2      | Found a faded altar of an unknown god.
  2098 | D:3      | Found a shimmering altar of Xom.
  2133 | D:3      | Found a hazy altar of Hepliaklqana.
  2135 | D:3      | Found a blossoming altar of Fedhas.
  2135 | D:3      | Found a burning altar of Makhleb.
  2185 | D:3      | Reached XP level 4. HP: 18/36 MP: 5/5
  2424 | D:3      | Reached skill level 1 in Dodging
  2726 | D:4      | Noticed Blork the orc
  2733 | D:4      | Killed Blork the orc
  2734 | D:4      | Reached skill level 4 in Fighting
  2734 | D:4      | Reached XP level 5. HP: 18/42 MP: 7/7
  2918 | D:4      | Noticed Menkaure
  3275 | D:4      | Slain by Menkaure

Illustrated notes

Levels and vault maps discovered:
D:1:      dpeg_arrival_ratfight, layout_loops_ring, minmay_lizard_king
D:2:      layout_loops_ring, hellmonk_ecumenical_altar_lost_god,
          kennysheep_generic_room_11
D:3:      layout_rooms, grunt_temple_overflow_open, minivault_4
D:4:      layout_basic, uniq_menkaure, uniq_robin, uniq_blork_the_orc

Skill      XL: |  1  2  3  4 |
---------------+-------------+-----
Invocations    | 1 2 |  2.9
Axes           | 2 |  2.8
Shields        | 3 |  3.1
Armour         | 3 |  3.1
Dodging        | 1 |  1.2
Fighting       | 4 |  4.0

Action                   |  1- 3 |  4- 6 || total
-------------------------+-------+-------++-------
Melee: War axe           |   153 |    57 ||   210
  Use: Potion            |       |     1 ||     1
       Scroll            |       |     3 ||     3
Armor: Scale mail        |    73 |    42 ||   115
Dodge: Dodged            |    76 |    30 ||   106
Block: Buckler           |    35 |    14 ||    49

Table legend: (Time is in decaauts)
 A = Elapsed time spent in this place.
 B = Non-inter-level travel time spent in this place.
 C = Inter-level travel time spent in this place.
 D = Time resting spent in this place.
 E = Time spent auto-exploring this place.
 F = Levels seen in this place.
 G = Mean time per level.
                   A        B        C        D        E       F      G
               +--------+--------+--------+--------+--------+-----+--------+
         Total |   3364 |   3305 |     59 |    635 |   1964 |   4 |  841.0 |
       Dungeon |   3364 |   3305 |     59 |    635 |   1964 |   4 |  841.0 |
               +--------+--------+--------+--------+--------+-----+--------+

Top non-repeatable levels by time:
     D:2: 1137 daAuts
     D:3: 1027 daAuts
     D:1: 979 daAuts
     D:4: 219 daAuts
